Map: 이페머론 - 래더

Players

Ziggy

  • Race: Terran Terran
  • Spawn Location: 5:00

sOs - Winner!

  • Race: Protoss Protoss
  • Spawn Location: 11:00

Event: IEM Katowice 2020

VOD

Have the link to the VOD?

Description

Time

  • Played on: Feb. 24, 2020, 4:41 a.m.
  • Length: 9:18

All games in this series

Show
View Real Time Build Order
Export as new Build Order

Ziggy Terran 

Build Orders:  

Get SALT Encoding   

  12  0:00  SCV  
  13  0:12  SCV  
  14  0:17  Supply Depot  
  14  0:24  SCV  
  14  0:27  Refinery  
  15  0:38  SCV  
  16  0:45  Barracks  
  16  0:50  SCV  
  17  1:02  SCV  
  18  1:12  Engineering Bay  
  18  1:15  SCV  
  19  1:27  SCV  
  20  1:36  Reaper  
  20  1:39  Orbital Command  
  21  1:56  Command Center  
  21  2:07  Factory  
  21  2:10  Barracks Reactor  
  21  2:14  SCV  
  22  2:21  Bunker  
  22  2:25  Supply Depot  
  22  2:29  SCV  
  23  2:46  SCV  
  23  2:52  Armory  
  23  2:58  SCV, Hellion x2  
  27  3:06  Starport  
  27  3:09  Orbital Command  
  27  3:13  Refinery  
  27  3:19  SCV, Widow Mine  
  32  3:20  Widow Mine  
  32  3:21  Barracks Tech Lab  
  32  3:28  Orbital Command  
  32  3:31  SCV  
  33  3:41  Widow Mine  
  37  3:42  Hellion  
  37  3:43  SCV  
  38  3:55  Medivac  
  40  3:59  SCV x2  
  40  4:05  Command Center  
  38  4:12  SCV x2  
  40  4:18  Stimpack  
  38  4:24  SCV, Barracks  
  38  4:30  Marine  
  40  4:34  SCV  
  40  4:35  Barracks  
  40  4:36  Engineering Bay  
  40  4:37  SCV  
  42  4:43  Bunker  
  42  4:44  Supply Depot  
  42  4:47  Factory Reactor, Starport Reactor  
  42  4:50  SCV  
  42  4:52  SCV  
  44  4:57  Marauder  
  46  5:03  Terran Infantry Weapons Level 1  
  46  5:06  SCV x2  
  48  5:09  Refinery  
  48  5:17  Marine x2  
  48  5:18  SCV  
  48  5:19  Bunker  
  48  5:20  Marauder  
  53  5:24  Marine  
  53  5:26  Widow Mine  
  56  5:29  Medivac  
  56  5:34  Marine x2  
  54  5:37  SCV x2  
  54  5:41  Marauder  
  54  5:42  Marine  
  59  5:53  SCV, Orbital Command  
  59  5:54  SCV  
  59  5:55  Marine x2  
  63  5:58  Orbital Command  
  63  5:59  Refinery  
  63  6:02  Marauder  
  60  6:05  Marine  
  60  6:11  SCV  
  56  6:13  Marine  
  56  6:17  Marine  
  54  6:23  Marine, SCV  
  54  6:24  Marauder  
  51  6:36  Medivac x2  
  51  6:37  Marine x2  
  51  6:38  SCV x2  
  60  6:40  SCV  
  60  6:43  Barracks Tech Lab  
  60  6:45  Marauder  
  62  6:50  SCV  
  62  6:52  SCV  
  62  6:53  SCV  
  65  6:55  Barracks x2  
  65  6:57  Widow Mine  
  65  6:59  Widow Mine  
  69  7:06  Terran Infantry Armor Level 1  
  69  7:10  Marauder x2  
  69  7:11  Refinery  
  69  7:14  Marine x2  
  69  7:15  Combat Shield, Orbital Command  
  75  7:16  Concussive Shells  
  75  7:18  SCV  
  76  7:27  Widow Mine  
  76  7:30  SCV  
  77  7:37  Supply Depot  
  77  7:38  SCV, Widow Mine  
  77  7:40  Supply Depot  
  77  7:42  SCV  
  79  7:49  Marauder  
  79  7:50  Marauder  
  79  7:51  Medivac  
  85  7:55  Widow Mine  
  85  7:57  Barracks Tech Lab  
  85  7:58  SCV  
  80  8:06  Marine  
  80  8:09  SCV x2, Supply Depot  
  81  8:20  SCV  
  81  8:21  SCV  
  81  8:22  Marine  
  81  8:23  Marauder  
  81  8:27  SCV  
  87  8:32  SCV  
  87  8:33  Marine  
  92  8:34  Marauder  
  92  8:35  Barracks Tech Lab  
  92  8:38  SCV  
  92  8:39  SCV  
  93  8:42  Armory  
  92  8:48  SCV  
  92  8:50  SCV  
  95  8:56  Marine x2, Refinery  
  95  8:57  Refinery  
  95  9:01  SCV  
Show
View Real Time Build Order
Export as new Build Order

sOs Protoss - Winner!

Build Orders: Blink Stalkers 

Get SALT Encoding   

  12  0:00  Probe  
  13  0:13  Probe  
  14  0:17  Pylon  
  14  0:25  Probe (Chrono Boost)  
  15  0:37  Probe (Chrono Boost)  
  15  0:38  Gateway  
  16  0:44  Probe (Chrono Boost)  
  16  0:48  Assimilator  
  17  0:51  Probe  
  18  1:03  Probe  
  19  1:15  Probe  
  20  1:24  Cybernetics Core  
  20  1:34  Probe  
  20  1:37  Pylon  
  21  1:46  Nexus  
  21  1:52  Probe  
  22  1:59  Stalker (Chrono Boost)  
  22  2:02  Warp Gate  
  22  2:04  Probe  
  22  2:07  Assimilator  
  25  2:16  Probe  
  25  2:21  Stalker  
  28  2:28  Probe  
  29  2:41  Probe  
  30  2:54  Probe  
  30  2:57  Stalker  
  33  3:02  Probe (Chrono Boost)  
  34  3:06  Twilight Council  
  34  3:10  Probe (Chrono Boost)  
  36  3:14  Probe (Chrono Boost)  
  36  3:18  Gateway  
  37  3:20  Probe x2 (Chrono Boost)  
  37  3:21  Robotics Facility  
  38  3:29  Pylon  
  38  3:30  Probe  
  38  3:31  Probe  
  38  3:34  Blink (Chrono Boost)  
  40  3:42  Probe  
  40  3:43  Probe  
  42  3:50  Stalker  
  42  3:54  Probe  
  42  3:55  Probe  
  42  4:02  Pylon  
  41  4:06  Probe  
  41  4:07  Probe  
  41  4:09  Observer  
  44  4:19  Probe x2  
  44  4:24  Stalker x2  
  50  4:31  Probe x2  
  51  4:34  Assimilator  
  52  4:40  Observer  
  52  4:43  Probe  
  52  4:44  Probe  
  55  4:46  Nexus  
  55  4:51  Pylon  
  55  4:53  Stalker  
  55  4:55  Probe  
  55  4:56  Stalker  
  60  5:06  Observer  
  61  5:09  Probe x2  
  63  5:21  Probe x2  
  63  5:22  Charge  
  65  5:34  Probe x2 (Chrono Boost)  
  65  5:35  Pylon  
  67  5:38  Robotics Bay  
  67  5:40  Forge, Assimilator  
  67  5:44  Warp Prism  
  67  5:46  Probe (Chrono Boost)  
  70  5:53  Probe x2 (Chrono Boost)  
  72  6:00  Probe x2  
  74  6:10  Observer  
  74  6:11  Gateway  
  74  6:12  Probe x2  
  74  6:13  Protoss Ground Weapons Level 1 (Chrono Boost)  
  74  6:14  Gateway  
  76  6:18  Gateway  
  76  6:20  Gateway  
  76  6:23  Colossus (Chrono Boost)  
  76  6:24  Probe  
  75  6:29  Observer  
  81  6:34  Zealot x2  
  81  6:36  Extended Thermal Lance  
  81  6:39  Probe x2, Gateway  
  86  6:40  Gateway  
  87  6:47  Probe  
  87  6:51  Probe x2  
  87  6:53  Pylon  
  89  6:55  Pylon  
  89  6:57  Pylon  
  89  6:59  Sentry, Zealot  
  93  7:04  Pylon  
  93  7:05  Colossus (Chrono Boost)  
  93  7:06  Forge  
  93  7:07  Observer  
  93  7:10  Pylon  
  93  7:11  Assimilator  
  93  7:15  Zealot x2  
  103  7:17  Zealot  
  105  7:30  Probe x3  
  105  7:32  Zealot x3  
  105  7:35  Templar Archives  
  114  7:39  Zealot x4  
  118  7:52  Colossus (Chrono Boost)  
  118  7:53  Pylon  
  116  8:11  Zealot x2  
  116  8:12  Zealot, Stalker x5  
  132  8:24  Pylon  
  132  8:25  Pylon  
  132  8:34  High Templar  
  132  8:35  High Templar, Zealot x2  
  132  8:39  Pylon  
  132  8:40  Pylon, Archon  
  140  8:48  Nexus  
  138  8:54  Zealot x2  
  138  8:55  Zealot  
  148  9:14  Zealot x5  
  148  9:15  Zealot x3  

Tags
 
Add a new tag
Caveats
  • Supply blocks, unpowered buildings, or Contaminate may cause inaccurate times.
  • Supply counts are checked every 10 seconds.